cohdb
Replays
Latest Replays
All Replays
Popular Replays
Top Player Replays
Match Explorer
How It Works
Community
CoH3 Stats
Reddit
Sign in to upload your games and track your stats! →
Sign in with Steam
Match 27727491
Unlisted
Match 27727491
Overview
Messages
Build Orders
End
Construct Weapon Support Center
Selects Armored Battlegroup
Selects Veteran Crews
M1919 Machine Gun Team
Engineer Squad
Sniper
Bazooka Squad
Sniper
Construct Medical Station
Bazooka Squad
Improved M9 Bazooka Rockets
Mechanized Support Center
Construct Tank Depot
Selects Strength in Steel
Selects Seek and Destroy
Selects UNKNOWN (2160077)
Bazooka Squad
M4A3E8 Sherman Easy Eight
Engineer Squad
Selects Field Repairs
M4A3E8 Sherman Easy Eight
Field Repairs
Selects War Machine
Bazooka Squad
M4A3E8 Sherman Easy Eight
Bazooka Squad
Seek and Destroy
Engineer Squad
M18 Hellcat Tank Destroyer
Field Repairs
Sniper
AI Takeover
Green Béret
Gonk
∑ⓔ딸긔맛공듀♡™
concrusher
AE
Up
iAinEng
BigOrange
0
0
Comments
sign in to comment!
No comments posted yet!